Map: Redshift LE

Players

Mowgli - Winner!

  • Race: Protoss Protoss
  • League: Diamond
  • Spawn Location: 7:00

CharaSmoke

  • Race: Zerg Zerg
  • League: Diamond
  • Spawn Location: 11:00

VOD

Have the link to the VOD?

Description

Time

  • Played on: July 9, 2018, 8:31 p.m.
  • Length: 11:06
Show
View Real Time Build Order
Export as new Build Order

Mowgli Protoss - Winner!

Build Orders: Zealot Archon 

Get SALT Encoding   

  12  0:01  Probe  
  13  0:13  Probe  
  14  0:20  Pylon  
  14  0:25  Probe  
  15  0:39  Gateway  
  15  0:40  Probe  
  16  0:48  Assimilator, Probe  
  16  0:56  Probe  
  18  1:11  Probe  
  18  1:14  Gateway  
  19  1:30  Cybernetics Core  
  19  1:31  Pylon  
  19  1:32  Probe  
  20  1:34  Zealot  
  22  1:44  Probe  
  22  1:45  Assimilator  
  23  1:56  Probe  
  24  2:06  Warp Gate  
  24  2:08  Probe  
  25  2:13  Adept  
  27  2:19  Adept  
  27  2:20  Probe  
  30  2:36  Nexus  
  30  2:39  Probe  
  31  2:48  Pylon  
  31  3:06  Adept, Probe, Sentry  
  31  3:09  Pylon  
  36  3:18  Probe  
  35  3:31  Probe  
  35  3:32  Adept  
  35  3:33  Adept  
  38  3:40  Twilight Council  
  38  3:43  Probe  
  39  3:49  Probe  
  39  3:52  Probe  
  41  3:57  Probe  
  41  4:01  Charge  
  42  4:07  Probe  
  42  4:08  Probe  
  42  4:11  Gateway  
  42  4:13  Gateway  
  42  4:16  Assimilator  
  44  4:19  Probe  
  45  4:26  Templar Archives  
  45  4:29  Probe  
  46  4:31  Probe  
  46  4:39  Adept  
  46  4:40  Adept  
  46  4:42  Probe  
  46  4:44  Probe  
  52  4:55  Robotics Facility  
  52  4:57  Pylon  
  52  5:03  Gateway  
  52  5:05  Gateway  
  52  5:09  Probe x2  
  54  5:20  High Templar x2  
  54  5:21  Probe  
  59  5:22  Probe  
  59  5:26  Archon, Assimilator  
  60  5:32  Zealot  
  60  5:33  Zealot, Probe  
  60  5:34  Probe  
  66  5:37  Pylon  
  60  5:44  Pylon  
  60  5:45  Probe  
  60  5:46  Shield Battery  
  61  5:53  Warp Prism  
  61  5:56  Pylon  
  61  5:57  High Templar x2  
  63  5:58  Zealot x2  
  71  6:10  Archon, Pylon  
  71  6:24  Zealot x2  
  71  6:25  High Templar x2  
  79  6:27  Probe x2  
  81  6:33  Gateway  
  81  6:38  Forge  
  81  6:39  Forge  
  81  6:40  High Templar  
  83  6:49  High Templar  
  83  6:50  Zealot  
  87  6:55  Archon  
  87  6:58  Zealot x2  
  91  7:21  Archon  
  91  7:28  Nexus  
  91  7:29  Zealot x5, Pylon  
  101  7:30  Pylon  
  102  7:37  Observer  
  86  7:53  High Templar x3  
  86  7:54  High Templar  
  86  7:55  Zealot  
  84  8:00  Archon x2  
  84  8:18  Zealot  
  82  8:21  Probe x2  
  82  8:25  Assimilator  
  74  8:28  Protoss Ground Weapons Level 1  
  74  8:29  Assimilator  
  72  8:42  Probe x3  
  72  8:43  High Templar x3  
  72  8:44  Zealot  
  72  8:45  Zealot  
  85  8:51  Immortal  
  85  8:54  Probe  
  86  8:57  Gateway  
  86  8:58  Gateway  
  86  8:59  Resonating Glaives  
  86  9:02  Gateway  
  88  9:04  Archon  
  88  9:08  Probe x3, Protoss Ground Armor Level 1  
  91  9:15  Zealot, High Templar  
  91  9:16  Zealot x4  
  103  9:19  Archon  
  103  9:20  Immortal  
  107  9:36  Probe x3  
  110  9:49  High Templar x2  
  110  9:50  Zealot x4  
  118  9:53  Archon  
  110  10:07  Immortal  
  110  10:11  Zealot x4  
  122  10:30  High Templar x3  
  122  10:31  Zealot x2  
  122  10:34  Archon  
  130  10:54  Zealot  
  130  10:55  Zealot x4  
Show
View Real Time Build Order
Export as new Build Order

CharaSmoke Zerg 

Build Orders: Hatch First 

Get SALT Encoding   

  12  0:01  Drone  
  13  0:13  Overlord  
  13  0:20  Drone  
  14  0:31  Drone x2  
  16  0:41  Drone  
  17  0:53  Hatchery  
  16  0:57  Drone  
  17  1:04  Drone  
  18  1:11  Extractor  
  18  1:15  Spawning Pool  
  16  1:22  Drone x2  
  18  1:45  Drone x2  
  20  1:51  Overlord  
  20  2:04  Hatchery  
  20  2:08  Queen  
  21  2:16  Metabolic Boost  
  21  2:19  Zergling x2  
  21  2:22  Zergling x2  
  23  2:37  Drone x3  
  23  2:38  Drone  
  23  2:41  Queen  
  23  2:44  Drone  
  30  2:52  Overlord  
  30  2:56  Queen  
  32  2:59  Zergling x2  
  32  3:01  Zergling x2  
  34  3:07  Zergling x2  
  34  3:08  Zergling x2  
  32  3:32  Drone x4  
  32  3:33  Drone x3  
  38  3:36  Queen  
  38  3:40  Drone x3  
  43  4:00  Queen  
  43  4:01  Queen  
  47  4:15  Zergling x4  
  49  4:22  Baneling Nest  
  49  4:23  Overlord x2  
  49  4:24  Drone  
  49  4:50  Zergling x32  
  65  4:53  Overlord x3  
  65  5:01  Evolution Chamber  
  65  5:03  Extractor, Overlord  
  65  5:04  Drone x2  
  65  5:13  Baneling x6  
  65  5:20  Spore Crawler  
  60  5:45  Roach Warren  
  60  5:46  Zerg Melee Weapons Level 1  
  60  5:48  Drone x3  
  60  5:49  Drone x7  
  69  5:50  Drone  
  70  5:58  Drone x6  
  70  6:04  Drone x3  
  79  6:18  Lair  
  79  6:19  Extractor  
  79  6:20  Extractor, Drone x3  
  79  6:21  Drone x2  
  79  6:22  Overlord  
  82  6:26  Roach x2  
  82  6:29  Overlord  
  86  6:33  Drone x3  
  86  6:34  Drone  
  86  6:35  Drone  
  91  6:47  Roach x5  
  99  7:02  Baneling x3  
  99  7:03  Baneling x2  
  99  7:07  Roach  
  99  7:08  Zergling x22  
  112  7:29  Glial Reconstitution  
  112  7:33  Hydralisk Den  
  93  7:54  Roach x10  
  97  8:01  Roach x3  
  97  8:02  Zergling x4  
  93  8:39  Overseer  
  91  8:52  Hatchery  
  90  8:56  Overseer  
  90  8:59  Hatchery  
  90  9:00  Zerg Missile Weapons Level 1  
  90  9:02  Grooved Spines  
  89  9:07  Lurker Den  
  88  9:16  Roach x2  
  92  9:18  Overlord  
  92  9:19  Overlord x5  
  92  9:36  Queen x2  
  96  9:38  Baneling x2  
  79  10:04  Hydralisk x14  
  87  10:35  Extractor, Drone  
  86  10:36  Extractor, Drone x12  
Tags
 
Composition
Zealot Archon
Matchup
PvZ
Spawn Locations
Close Positions
Add a new tag
Caveats
  • Supply blocks, unpowered buildings, or Contaminate may cause inaccurate times.
  • Supply counts are checked every 10 seconds.